 Dungeon Crawl Stone Soup version 0.21.1-1-g345015f (webtiles) character file.

135 Kuinu the Covered (level 4, 0/41 HPs)
             Began as a Minotaur Fighter on July 18, 2018.
             Slain by a bat (1 damage)
             ... on level 3 of the Dungeon.
             The game lasted 00:06:46 (1471 turns).

Kuinu the Covered (Minotaur Fighter)                Turns: 1471, Time: 00:06:47

Health: 0/41       AC:  7    Str: 22    XL:     4   Next: 97%
Magic:  3/3        EV:  7    Int:  5    God:
Gold:   130        SH:  9    Dex:  9    Spells: 3/3 levels left

rFire    . . .     SeeInvis .   a - +0 long sword
rCold    . . .     Gourm    .   c - +0 shield
rNeg     . . .     Faith    .   b - +0 scale mail
rPois    .         Spirit   .   (helmet restricted)
rElec    .         Reflect  .   (no cloak)
rCorr    .         Harm     .   (no gloves)
MR       .....                  (no boots)
Stlth    ..........             (no amulet)
HPRegen  0.13/turn              (no ring)
MPRegen  0.08/turn              (no ring)

@: no status effects
A: retaliatory headbutt, horns 2
a: no special abilities


You were on level 3 of the Dungeon.
You were not hungry.

You visited 1 branch of the dungeon, and saw 3 of its levels.

You collected 130 gold pieces.

Inventory:

Hand Weapons
 a - a +0 long sword (weapon)
 l - a +0 hunting sling
Armour
 b - a +0 scale mail (worn)
 c - a +0 shield (worn)
 e - a +0 buckler
 n - a +0 ring mail
Jewellery
 q - an uncursed ring of poison resistance {unknown}
Scrolls
 g - a scroll of noise {unknown}
 i - a scroll of immolation {unknown}
 j - 2 scrolls of teleportation {unknown}
 m - a scroll of amnesia {unknown}
 o - a scroll of enchant armour {unknown}
 s - a scroll of fear {unknown}
Potions
 d - a potion of might
 k - a potion of resistance
 p - a potion of heal wounds {unknown}
 r - a potion of lignification {unknown}
 t - 2 potions of agility {unknown}
Comestibles
 f - 4 rations


   Skills:
 + Level 4.4 Fighting
 * Level 4.3 Long Blades
 + Level 4.4 Armour
 + Level 4.4 Shields


You had 3 spell levels left.
You didn't know any spells.

Dungeon Overview and Level Annotations

Branches:
Dungeon (3/15)

Altars:


Innate Abilities, Weirdness & Mutations

You reflexively headbutt those who attack you in melee.
You have a pair of horns on your head.


Message History

* * * LOW HITPOINT WARNING * * *
You closely miss something. The bat hits you but does no damage. x2
Something hits you but does no damage. The bat closely misses you.
You furiously retaliate!
You headbutt the bat, but do no damage. You hit something.
You headbutt something. You block the bat's attack.
Something hits you but does no damage. You block the bat's attack.
A bat comes into view.
You hit something. Your headbutt misses something. The bat barely misses you.
You hear some strange, mumbled words.
A puff of flame appears from out of thin air!
The puff of flame hits you!
* * * LOW HITPOINT WARNING * * *
Something hits you but does no damage.
You barely miss something. You headbutt something. You block the bat's attack.
The bat hits you but does no damage. You block the bat's attack.
Something hits you.
* * * LOW HITPOINT WARNING * * *
The bat hits you.
You die...

#########+########
#......b@.<......#
#......b{†.......#
#........†.......#
#..)......)......#
#.....####..†....#
#..... ##†.....#
#.... #......#
#.... ##.....+
#... #.....#


You could see 2 bats.

Vanquished Creatures
  A vampire bat (D:3)
  2 adders (D:2)
  An ooze (D:1)
  2 worms (D:2)
  2 dart slugs
  A leopard gecko (D:1)
  2 orcs (D:3)
  9 bats
  A giant cockroach (D:2)
  8 goblins
  10 hobgoblins
  7 jackals (D:1)
  3 frilled lizards
  4 kobolds (D:1)
  2 rats (D:2)
55 creatures vanquished.

Notes
Turn   | Place    | Note
-------+----------+-------------------------------------------
     0 | D:1      | Kuinu the Minotaur Fighter began the quest for the Orb.
     0 | D:1      | Reached XP level 1. HP: 19/19 MP: 0/0
   105 | D:1      | HP: 1/20 [poisoned by a kobold]
   135 | D:1      | Reached XP level 2. HP: 8/27 MP: 1/1
   320 | D:1      | Reached XP level 3. HP: 21/33 MP: 2/2
  1075 | D:2      | Reached XP level 4. HP: 39/40 MP: 3/3
  1470 | D:3      | HP: 2/41 [something/puff of flame (8)]
  1471 | D:3      | Slain by a bat

Skill      XL: |  1  2  3  4 |
---------------+-------------+-----
Long Blades    | 3 4 |  4.3
Armour         | 4 |  4.4
Shields        | 4 |  4.4
Fighting       | 4 |  4.4

Action                   |  1- 3 |  4- 6 || total
-------------------------+-------+-------++-------
Melee: Long sword        |   119 |    49 ||   168
       Headbutt          |    19 |     8 ||    27
  Use: Potion            |     1 |       ||     1
  Eat: Chunk             |     1 |     1 ||     2
Armor: Scale mail        |    79 |    34 ||   113
Dodge: Dodged            |    41 |    14 ||    55
Block: Shield            |    77 |    31 ||   108
       Rpst.: Long sword |     5 |     3 ||     8
